 Dungeon Crawl Stone Soup version 0.21.1-1-g345015f (webtiles) character file.

217 wotfoxis the Firebug (level 5, -5/40 HPs)
             Began as a Hill Orc Fire Elementalist on Feb 19, 2018.
             Was a Follower of Vehumet.
             Killed from afar by an orc wizard (8 damage)
             ... with a magic dart
             ... on level 4 of the Dungeon.
             The game lasted 00:21:27 (3338 turns).

wotfoxis the Firebug (Hill Orc Fire Elementalist)   Turns: 3338, Time: 00:21:28

Health: -5/40      AC:  3    Str: 11    XL:     5   Next: 94%
Magic:  1/8        EV: 12    Int: 16    God:    Vehumet [*.....]
Gold:   77         SH:  0    Dex: 11    Spells: 6/9 levels left

rFire    . . .     SeeInvis .   g - +0 club
rCold    . . .     Gourm    .   (no shield)
rNeg     . . .     Faith    .   f - +0 leather armour
rPois    .         Spirit   .   (no helmet)
rElec    .         Reflect  .   (no cloak)
rCorr    .         Harm     .   (no gloves)
MR       .....                  (no boots)
Stlth    ++........             (no amulet)
HPRegen  0.13/turn              (no ring)
MPRegen  0.11/turn              (no ring)

@: very slightly contaminated, slowed, very slow
A: no striking features
a: Renounce Religion


You were on level 4 of the Dungeon.
You worshipped Vehumet.
Vehumet was aware of your devotion.
You were hungry.

You visited 1 branch of the dungeon, and saw 4 of its levels.

You collected 77 gold pieces.

Inventory:

Hand Weapons
 g - a +0 club (weapon)
Missiles
 j - a throwing net (quivered)
Armour
 a - a +0 robe
 f - a +0 leather armour (worn)
Scrolls
 d - 2 scrolls of fog {unknown}
 e - a scroll of teleportation {unknown}
 h - 2 scrolls of enchant weapon {unknown}
 i - 5 scrolls of identify {unknown}
 l - a scroll of magic mapping {unknown}
 m - a scroll of random uselessness {unknown}
Potions
 k - 2 potions of heal wounds {unknown}
 n - 2 potions of flight {unknown}
 o - 4 potions of curing {unknown}
 p - a potion of agility {unknown}
 q - a potion of haste {unknown}
 r - a potion of berserk rage {unknown}
 t - a potion of brilliance {unknown}
Books
 b - a book of Flames

   Spells                             Type                      Level
   a - Flame Tongue                   Conjuration/Fire             1
   b - Throw Flame                    Conjuration/Fire             2
   c - Conjure Flame                  Conjuration/Fire             3
   d - Inner Flame                    Hexes/Fire                   3
   e - Sticky Flame                   Conjuration/Fire             4
   f - Fireball                       Conjuration/Fire             5
Comestibles
 c - 3 rations
 s - 4 chunks of flesh


   Skills:
 + Level 1.3 Fighting
 + Level 1.4 Maces & Flails
 + Level 1.1 Armour
 + Level 2.2 Dodging
 + Level 1.9 Stealth
 + Level 2.5 Spellcasting
 + Level 2.4 Conjurations
 + Level 4.3 Fire Magic


You had 6 spell levels left.
You knew the following spells:

 Your Spells              Type           Power        Failure   Level  Hunger
a - Flame Tongue          Conj/Fire      ##...        6%          1    #......
b - Throw Flame           Conj/Fire      ##....       10%         2    ##.....


Dungeon Overview and Level Annotations

Branches:
Dungeon (4/15)
 Temple: D:4-7

Altars:
Ashenzari
Dithmenos
Kikubaaqudgha
Makhleb
Okawaru
Vehumet


Message History

The flame tongue hits the orc wizard.
The orc wizard is heavily wounded.
The orc wizard barely misses you.
The orc wizard mumbles some strange words.
The orc wizard blinks!
The orc wizard hits you with a dagger.
* * * LOW HITPOINT WARNING * * *
Casting: Flame Tongue
Confirm with . or Enter, or press ? or * to list all spells.
Aiming: Flame Tongue
Press: ? - help, Shift-Dir - straight line, f/p - orc wizard
Aim: an orc wizard, wielding a dagger and wearing a robe (heavily wounded, fast)
You miscast Flame Tongue.
You are very lightly contaminated with residual magic.
Nothing appears to happen.
The orc wizard casts a spell at you. The magic dart hits you!
* * * LOW HITPOINT WARNING * * *
The orc wizard points at you and mumbles some strange words.
The magic dart hits you!
You die...

##.#####....#
#..# ######
##.## ##..#
##..## #.o##
##§.# ##.o##
##@..#
##o..##
#....#
###..o##
##.....#
##..÷..##
##......#
#.......##
#........#


You could see 2 orc wizards and 2 orcs.

Vanquished Creatures
  9 adders
  4 river rats
  4 worms
  3 dart slugs
  6 leopard geckos
  3 orcs
  A ball python (D:3)
  3 giant cockroaches
  8 goblins
  11 hobgoblins
  2 jackals (D:3)
  6 kobolds
  4 bats
  6 frilled lizards
  8 rats
78 creatures vanquished.

Vanquished Creatures (others)
  An adder (D:3)
  A jackal (D:3)
2 creatures vanquished.

Grand Total: 80 creatures vanquished

Notes
Turn   | Place    | Note
-------+----------+-------------------------------------------
     0 | D:1      | wotfoxis the Hill Orc Fire Elementalist began the quest for the Orb.
     0 | D:1      | Reached XP level 1. HP: 14/14 MP: 3/3
   213 | D:1      | Reached XP level 2. HP: 9/20 MP: 0/4
   251 | D:1      | HP: 1/20 [bat (1)]
  1002 | D:2      | Reached XP level 3. HP: 26/26 MP: 3/5
  1011 | D:2      | Found a radiant altar of Vehumet.
  1015 | D:2      | Became a worshipper of Vehumet
  1032 | D:2      | Found a burning altar of Makhleb.
  1437 | D:2      | Reached skill level 1 in Fighting
  1563 | D:2      | Found a shadowy altar of Dithmenos.
  1592 | D:2      | Reached XP level 4. HP: 27/35 MP: 3/7
  2286 | D:3      | Reached XP level 5. HP: 27/40 MP: 2/8
  2290 | D:3      | Reached skill level 1 in Maces & Flails
  2390 | D:3      | Reached skill level 4 in Fire Magic
  2418 | D:3      | Found an iron altar of Okawaru.
  2535 | D:3      | Found a shattered altar of Ashenzari.
  2578 | D:3      | Reached * piety under Vehumet
  2578 | D:3      | Offered knowledge of Shock by Vehumet.
  2692 | D:3      | Learned a level 2 spell: Throw Flame
  2856 | D:3      | Found an ancient bone altar of Kikubaaqudgha.
  3140 | D:3      | Reached skill level 1 in Armour
  3338 | D:4      | Killed from afar by an orc wizard

Skill      XL: |  1  2  3  4  5 |
---------------+----------------+-----
Dodging        | 2 |  2.2
Spellcasting   | 2 |  2.5
Fighting       | 1 |  1.3
Conjurations   | 2 |  2.4
Maces & Flails | 1 |  1.4
Fire Magic     | 4 |  4.3
Armour         | 1 |  1.1
Stealth        | |  1.9

Action                   |  1- 3 |  4- 6 || total
-------------------------+-------+-------++-------
Melee: Club              |    49 |    60 ||   109
 Cast: Flame Tongue      |    58 |    66 ||   124
       Throw Flame       |       |    15 ||    15
  Eat: Chunk             |     2 |     1 ||     3
       Ration            |       |     2 ||     2
Armor: Robe              |    17 |       ||    17
       Leather armour    |       |    15 ||    15
Dodge: Dodged            |    65 |    54 ||   119
